 Dungeon Crawl Stone Soup version 0.17.0-24-gcfadda4 (webtiles) character file.

2119 M4edhros the Covert (level 9, -8/53 HPs)
             Began as an Octopode Artificer on Nov 16, 2015.
             Was a Priest of Fedhas.
             Killed by the capriciousness of Xom (31 damage)
             ... on level 8 of the Dungeon.
             The game lasted 00:13:13 (6044 turns).

M4edhros the Covert (Octopode Artificer)            Turns: 6044, Time: 00:13:13

Health: -8/53      AC:  1    Str: 10    XL:     9   Next: 29%
Magic:  16/16      EV: 12    Int: 15    God:    Fedhas [***...]
Gold:   375        SH:  0    Dex: 15    Spells: 1 memorised, 7 levels left

rFire  . . .     SeeInvis .     x - +0 hunting sling
rCold  + + .     Clarity  .     (no shield)
rNeg   + . .     SustAt   +     (helmet restricted)
rPois  .         Gourm    .     D - amulet of faith
rElec  .         Spirit   .     i - ring of flight
rCorr  .         Warding  .     o - ring of protection from cold
rMut   .         Stasis   .     u - ring of protection from cold
MR     +....                    C - ring of wizardry
Stlth  +++++++...               h - ring of positive energy
                                N - ring of sustain attributes
                                L - ring of protection from magic
                                (no ring)

@: somewhat resistant to hostile enchantments, extremely stealthy
A: almost no armour, amphibious, 8 rings, constrict 8, camouflage 1, blurry
vision 1, gelatinous body 1
a: Evolution, Sunlight, Growth, Renounce Religion, Evoke Flight


You were on level 8 of the Dungeon.
You worshipped Fedhas.
Fedhas was most pleased with you.
You were not hungry.

You visited 2 branches of the dungeon, and saw 9 of its levels.

You collected 375 gold pieces.

Inventory:

Hand Weapons
 a - a +0 short sword
 m - a +2 quarterstaff of chaos
 x - a +0 hunting sling (weapon)
Missiles
 f - 30 steel sling bullets (quivered)
 y - 19 sling bullets of flame
 K - 30 sling bullets
Jewellery
 h - a ring of positive energy (on tentacle)
 i - a ring of flight (left tentacle)
 o - a ring of protection from cold (right tentacle)
 u - a ring of protection from cold (on tentacle)
 C - a ring of wizardry (on tentacle)
 D - an amulet of faith (around mantle)
 L - a ring of protection from magic (on tentacle)
 N - a ring of sustain attributes (on tentacle)
 O - an uncursed ring of teleportation
Wands
 b - a wand of flame (3)
 c - a wand of enslavement (10)
 d - a wand of random effects (12)
 H - a wand of paralysis (22)
 I - a wand of confusion (25)
 P - a wand of cold (10)
 S - a wand of confusion (23)
 T - a wand of fireball (7)
Scrolls
 k - a scroll of noise
 l - 7 scrolls of teleportation
 p - 2 scrolls of recharging
 s - 3 scrolls of amnesia
 t - a scroll of fog
 v - a scroll of magic mapping
 A - 4 scrolls of enchant armour
 M - a scroll of enchant weapon
 U - a scroll of identify
 V - a scroll of remove curse
Potions
 g - 4 potions of curing
 w - a potion of resistance {unknown}
 z - 2 potions of magic {unknown}
 B - 4 potions of poison {unknown}
 E - a potion of cure mutation {unknown}
 F - 2 potions of lignification {unknown}
 G - a potion of brilliance {unknown}
 J - a potion of agility {unknown}
Books
 Q - a book of Transfigurations

   Spells                             Type                      Level
   a - Stoneskin                      Transmutation/Earth          2
   b - Irradiate                      Conjuration/Transmutation    5
   c - Statue Form                    Transmutation/Earth          6
   d - Hydra Form                     Transmutation                6
   e - Dragon Form                    Transmutation                7
 R - a book of Geomancy

   Spells                             Type                      Level
   a - Sandblast                      Earth                        1
   b - Stoneskin                      Transmutation/Earth          2
   c - Passwall                       Transmutation/Earth          3
   d - Stone Arrow                    Conjuration/Earth            3
   e - Petrify                        Transmutation/Earth          4
   f - Lee's Rapid Deconstruction     Earth                        5
Comestibles
 e - 6 bread rations
 j - 5 beef jerkies
 n - 2 slices of pizza
 q - 2 meat rations
 r - 3 fruits


   Skills:
 - Level 1.0 Fighting
 - Level 1.0 Short Blades
 - Level 2.0 Dodging
 + Level 11.6 Stealth
 * Level 1.0 Spellcasting
 * Level 1.4 Conjurations
 * Level 0.8 Earth Magic
 + Level 1.5 Invocations
 + Level 9.4 Evocations


You had 7 spell levels left.
You knew the following spells:

 Your Spells              Type           Power        Failure   Level  Hunger
a - Stone Arrow           Conj/Erth      #.....       26%         3    ####...


Dungeon Overview and Level Annotations

Branches:
Dungeon (8/15)             Temple (1/1) D:5
   Lair: D:8-11

Altars:
Ashenzari
Cheibriados
Dithmenos
Fedhas
Gozag
Makhleb
Nemelex Xobeh
Okawaru
Qazlal
Ru
Sif Muna
Trog
Vehumet
Xom
Yredelemnul
Zin
The Shining One

Shops:
D:5 *


Innate Abilities, Weirdness & Mutations

You cannot wear most types of armour.
You are amphibious.
You can wear up to eight rings at the same time.
You can use your tentacles to constrict eight enemies at once.
Your skin changes colour to match your surroundings (Stealth).
Your rubbery body absorbs attacks (AC +1).
Scrolls take you a little longer to read.


Message History

You walk carefully through the fungus.
A nearby toadstool withers and dies.
A nearby toadstool withers and dies.
f - 27 steel sling bullets (gained 1)
f - 28 steel sling bullets (gained 1)
q - 2 meat rations (gained 1)
f - 29 steel sling bullets (gained 1)
j - 5 beef jerkies (gained 1)
f - 30 steel sling bullets (gained 1)
Found a robe.
There is an open door here.
Found a stone staircase leading up.
You now have 375 gold pieces (gained 20).
F - 2 lumpy white potions (gained 1)
You swap places.
Found a large shield.
You hear Xom's maniacal laughter.
You convulse helplessly as pain tears through your body!
Ouch! That really hurt!
You die...
Fedhas appreciates your contribution to the ecosystem.

#..........# #[..
#...<......# #...
#..........# ##..
#..........# #..
####..####.### #..
#..#..####f#########..
#...ff#...f.#.........
#....f#.....#.........
#....@#.....#.........
#.....#.....#.(.......
#....?#.....).....##..
#.....#.....#.....####
#.....#.....#......#..
##.##[##..###.....##..
## #########.....##..
#........'..
#........#.f


You could see a friendly shambling mangrove and 2 friendly wandering mushrooms.

Vanquished Creatures
  Menkaure (D:7)
  A sky beast (D:5)
  A phantom (D:4)
  A centaur (D:4)
  A giant frog (D:7)
  5 scorpions
  2 crimson imps
  3 hounds
  A giant frog skeleton (D:6)
  2 orc wizards (D:4)
  2 worker ants (D:5)
  A hound skeleton (D:7)
  8 adders
  An ooze (D:3)
  2 adder skeletons
  2 worms
  5 giant geckos
  8 orcs
  4 giant cockroaches
  6 goblins
  5 hobgoblins
  9 jackals
  2 quokkas
  4 ball pythons
  5 bats
  3 giant gecko skeletons
  4 giant newts
  5 kobolds
  A quokka skeleton (D:6)
  6 rats
101 creatures vanquished.

Vanquished Creatures (collateral kills)
  Grinder (D:6)
  A hippogriff (D:8)
  An ice beast (D:8)
  An ogre (D:8)
  An orc warrior (D:8)
  A centaur (D:8)
  A sky beast (D:6)
  A black bear (D:8)
  A giant frog (D:7)
  2 scorpions
  A water moccasin skeleton (D:5)
  6 killer bees (D:8)
  Crazy Yiuf (D:7)
  4 orc priests (D:8)
  2 orc wizards (D:8)
  An iguana (D:5)
  2 worker ants
  16 orcs (D:8)
  A jackal (D:6)
  A toadstool (D:8)
46 creatures vanquished.

Vanquished Creatures (others)
  A necrophage (D:5)
  An orc wizard (D:4)
  A giant gecko (D:1)
  A hobgoblin (D:1)
  A bat (D:1)
  A rat (D:1)
  2 wandering mushrooms
  86 toadstools
94 creatures vanquished.

Grand Total: 241 creatures vanquished

Notes
Turn   | Place    | Note
--------------------------------------------------------------
     0 | D:1      | M4edhros the Octopode Artificer began the quest for the Orb.
     0 | D:1      | Reached XP level 1. HP: 13/13 MP: 3/3
   392 | D:1      | Reached XP level 2. HP: 11/18 MP: 4/4
   622 | D:1      | Found a sparkling altar of Nemelex Xobeh.
  1099 | D:2      | Reached skill level 4 in Evocations
  1099 | D:2      | Reached XP level 3. HP: 12/23 MP: 4/6
  1641 | D:2      | Found a blossoming altar of Fedhas.
  1755 | D:3      | Found a faded altar to an unknown god.
  1777 | D:4      | Noticed a scorpion
  1780 | D:4      | Noticed a phantom
  1856 | D:3      | Reached XP level 4. HP: 26/28 MP: 7/7
  2017 | D:4      | Killed a scorpion
  2069 | D:5      | Entered Level 5 of the Dungeon
  2070 | D:5      | Found Mecsud's General Store.
  2070 | D:5      | Found a staircase to the Ecumenical Temple.
  2073 | D:5      | Reached skill level 5 in Evocations
  2073 | D:5      | Reached XP level 5. HP: 31/33 MP: 8/8
  2083 | Temple   | Entered the Ecumenical Temple
  2117 | Temple   | Became a worshipper of Xom of Chaos
  2125 | Temple   | Fell from the grace of Xom
  2125 | Temple   | Became a worshipper of Fedhas Madash
  2268 | D:3      | Reached skill level 5 in Stealth
  2891 | D:4      | Killed a phantom
  2891 | D:4      | Reached skill level 6 in Stealth
  2891 | D:4      | Reached XP level 6. HP: 38/38 MP: 8/10
  2951 | D:4      | Found a glowing golden altar of the Shining One.
  2952 | D:4      | Found an opulent altar of Gozag.
  3065 | D:4      | Reached * piety under Fedhas
  3121 | D:4      | Found a burning altar of Makhleb.
  3224 | D:4      | Found a basalt altar of Yredelemnul.
  3245 | D:4      | Found a bloodstained altar of Trog.
  3492 | D:4      | Reached skill level 7 in Stealth
  3536 | D:5      | Reached XP level 7. HP: 27/43 MP: 11/11
  3555 | D:5      | Noticed a necrophage
  3557 | D:5      | Killed a necrophage
  3804 | D:5      | Reached skill level 8 in Stealth
  3862 | D:5      | Found a sparkling altar of Nemelex Xobeh.
  3937 | D:5      | Noticed a sky beast
  3950 | D:5      | Killed a sky beast
  4196 | D:6      | Reached skill level 9 in Stealth
  4196 | D:6      | Reached XP level 8. HP: 45/48 MP: 13/13
  4211 | D:6      | Noticed Grinder
  4215 | D:6      | Reached ** piety under Fedhas
  4238 | D:6      | Killed Grinder
  4487 | D:6      | XOM: mild Conj miscast
  4540 | D:7      | XOM: summons 2 hostile demons
  4650 | D:7      | Reached skill level 10 in Stealth
  4784 | D:7      | XOM: give mutation
  4784 | D:7      | Gained mutation: Scrolls take you a little longer to read. [Xom's mischief]
  4844 | D:7      | Noticed Menkaure
  4848 | D:7      | Killed Menkaure
  4864 | D:7      | Noticed a shambling mangrove
  4864 | D:7      | a wandering mushroom changed into a shambling mangrove
  4864 | D:7      | XOM: polymorph wandering mushroom -> shambling mangrove
  5060 | D:7      | XOM: mild Chrm miscast
  5186 | D:7      | XOM: summons 2 hostile demons
  5306 | D:7      | XOM: medium Erth miscast
  5352 | D:7      | Noticed Crazy Yiuf
  5471 | D:7      | Killed Crazy Yiuf
  5591 | D:8      | Reached skill level 11 in Stealth
  5631 | D:8      | Reached XP level 9. HP: 39/53 MP: 15/15
  5850 | D:8      | Learned a level 3 spell: Stone Arrow
  5892 | D:8      | Reached *** piety under Fedhas
  5973 | D:8      | Reached skill level 1 in Conjurations
  5974 | D:8      | Reached skill level 1 in Invocations
  5980 | D:8      | Reached skill level 1 in Spellcasting
  6044 | D:8      | XOM: medium Necr miscast
  6044 | D:8      | Killed by the capriciousness of Xom

Action                   |  1- 3 |  4- 6 |  7- 9 || total
-------------------------+-------+-------+-------++-------
Melee: Short sword       |    78 |    78 |   107 ||   263
       Quarterstaff      |       |       |     6 ||     6
 Fire: Hunting sling     |       |       |    14 ||    14
Invok: Evolution         |       |     1 |     4 ||     5
       Sunlight          |       |       |     4 ||     4
Evoke: Wand              |     1 |    16 |     3 ||    20
  Use: Potion            |     3 |       |     1 ||     4
       Scroll            |       |       |    12 ||    12
 Stab: Sleeping          |     7 |    13 |    10 ||    30
       Paralysed         |       |     2 |       ||     2
       Confused          |       |       |     2 ||     2
  Eat: Chunk             |     2 |     2 |       ||     4
       Meat ration       |       |     1 |     2 ||     3
